 Dungeon Crawl Stone Soup version 0.31-a0-744-gbc345e7fcb (webtiles) character file.

Game seed: 3561909932414308221

435 subawu the Ruffian (level 6, -6/52 (55) HPs)
             Began as a Troll Shapeshifter on Sept 12, 2023.
             Was an Initiate of Hepliaklqana.
             Mangled by an orc warrior
             ... wielding a +0 dire flail
              (9 damage)
             ... on level 4 of the Dungeon on Sept 13, 2023.
             The game lasted 00:16:32 (13386 turns).

subawu the Ruffian (Troll Shapeshifter)            Turns: 13386, Time: 00:16:33

HP:   -6/52 (55)    AC: 11    Str: 23      XL:     6   Next: 68%
MP:   5/5           EV:  9    Int:  8      God:    Hepliaklqana [......]
Gold: 237           SH:  5    Dex:  6 (9)  Spells: 5/5 levels left

rFire   . .          .
                       - Unarmed
rCold   . . .        (no shield)
rNeg    . . .        q - quicksilver dragon scales
rPois   .            (helmet currently unavailable)
rElec   .            (cloak currently unavailable)
rCorr   .            (gloves unavailable)
SInv    .            (boots unavailable)
Will    +....        m - amulet of reflection Stlth
                     (no ring)
HPRegen 1.08/turn    (no ring)
MPRegen 0.09/turn

%: reflection
@: lethally poisoned (-6 -> -10), beast-form, slowed, drained, very slow
A: beast (slay +2), large, unfitting armour, claws 3, regeneration 1, shaggy fur
1, tough skin 1
a: Begin Untransformation, Renounce Religion


You were on level 4 of the Dungeon.
You worshipped Hepliaklqana.
Hepliaklqana was noncommittal.
You were a hulking beast.
You visited 2 branches of the dungeon, and saw 5 of its levels.

You collected 237 gold pieces.

Inventory:

Hand Weapons
 o - a +4 great sword
 t - a +2 mace of holy wrath
Armour
 a - a +0 animal skin
 e - a scarf of invisibility
 k - a +0 leather armour
 l - a +0 pair of gloves
 n - a +0 ring mail
 p - the +0 chain mail "Nekaq" {*Corrode rPois rN+++ Str-2}
   (You took it off an orc on level 3 of the Dungeon)

   Str-2:     It affects your strength (-2).
   rPois:     It protects you from poison rN+++: It renders you almost immune to
   negative energy.
   *Corrode:  It may corrode you when you take damage.
 q - quicksilver dragon scales (worn)
Jewellery
 h - a ring of magical power
 j - an amulet of magic regeneration
 m - an amulet of reflection (around neck)
 s - a ring of resist corrosion
Talismans
 c - a beast talisman (active)
 d - a flux talisman
Wands
 y - a wand of iceblast (11)
Scrolls
 i - 5 scrolls of revelation {unknown}
 r - 4 scrolls of identify
 v - a scroll of fog
Potions
 b - a potion of lignification
 f - 2 potions of resistance
 g - a potion of degeneration
 u - a potion of magic {unknown}
 w - a potion of berserk rage {unknown}
 x - a potion of cancellation {unknown}


   Skills:
 + Level 1.3 Fighting
 + Level 2.1 Armour
 + Level 3.1 Dodging
 + Level 0.3 Stealth
 + Level 0.1 Shields
 + Level 4.7 Unarmed Combat
 + Level 4.1 Shapeshifting


You had 5 spell levels left.
You didn't know any spells.
Your spell library was empty.

Dungeon Overview and Level Annotations

Branches:
Dungeon (4/15)             Temple (1/1) D:4

Altars:
Ashenzari
Cheibriados
Dithmenos
Elyvilon
Fedhas
Gozag
Hepliaklqana
Kikubaaqudgha
Makhleb
Nemelex Xobeh
Okawaru
Qazlal
Ru
Trog
Uskayaw
Vehumet
Wu Jian
Xom
Yredelemnul
Zin
The Shining One

Shops:
D:3 *

Annotations:
D:4 1 transporter


Innate Abilities, Weirdness & Mutations

You are a hulking beast.
Your limbs bulge with bestial killing power. (Slay +2)
You are too large for most types of armour.
You have claws for hands.
Your natural rate of healing is unusually fast.
You are covered in fur. (AC +1)
You have tough skin. (AC +1)


Message History

Partly explored, unvisited transporter.
Partly explored, unvisited transporter.
The orc warrior shouts!
The hornet buzzes angrily.
There is a transporter here.
There is a transporter here.
You enter the transporter and appear at another place.
The wight hits you from afar with a +5 halberd.
The hornet stings you!
You are poisoned.
You feel yourself slow down.
The hornet stings you but does no damage.
The wight hits you from afar with a +5 halberd.
You feel drained.
You feel yourself speed up.
You feel very sick.
The orc warrior attacks as it pursues you!
The orc warrior misses you.
The wight hits you from afar with a +5 halberd.
The hornet stings you but does no damage.
You completely miss the hornet.
You feel sick. The hornet stings you!
You feel yourself slow down.
The orc warrior hits you with a +0 dire flail.
The wight hits you from afar with a +5 halberd!
* * * LOW HITPOINT WARNING * * *
You feel drained.
* * * LOW HITPOINT WARNING * * *
You feel yourself speed up.
You feel sick. The hornet attacks as it pursues you!
The hornet closely misses you. You block the hornet's attack.
The wight attacks as it pursues you! The wight completely misses you.
The hornet stings you.
* * * LOW HITPOINT WARNING * * *
You are lethally poisoned!
You feel yourself slow down. You block the orc warrior's attack.
* * * LOW HITPOINT WARNING * * *
You feel very sick.
The orc warrior attacks as it pursues you!
The orc warrior hits you with a +0 dire flail!
You die...

##########.#########.###
.........#..........<..#
########.##########..#.#######
#.# ##...(.........# #.#
##.....©...).##.# #.#
#..#########..#.# #.#
#.##8.....8##.#.# #.#
#.#..z......#.#.# #.#
#.#hy..©....#...# #.#
#.#.o..$....#.### #.#
#.#©........#.# #.#
#.#.........#.# #.#
#.#.........#.# #.#
#.#[.(!$/=..#.# #.#
#.##8$_._$8##.# #.#
#..#########..#
#.######.....©.....##


You could see a hornet, an orc warrior and a wight.

Vanquished Creatures
  The ghost of justen the Changeling, an amateur VSSh (D:3)
  2 black bears
  Jessica (D:3)
  An orc wizard (D:2)
  2 adders
  An ufetubus (D:4)
  2 dart slugs
  10 orcs
  3 bats
  6 endoplasms
  10 goblins
  7 hobgoblins
  5 jackals (D:3)
  3 quokkas
  4 ball pythons
  4 frilled lizards
  4 kobolds
  4 rats
70 creatures vanquished.

Notes
Turn   | Place    | Note
-------+----------+-------------------------------------------
     0 | D:1      | subawu the Troll Shapeshifter began the quest for the Orb.
     0 | D:1      | Reached XP level 1. HP: 18/18 MP: 0/0
   150 | D:1      | Reached skill level 1 in Fighting
   221 | D:1      | Reached XP level 2. HP: 27/27 MP: 1/1
   237 | D:1      | Upgraded the game from 0.31-a0-740-g87205ac768 to
                  | 0.31-a0-744-gbc345e7fcb
   942 | D:2      | Reached XP level 3. HP: 33/33 MP: 2/2
  1171 | D:2      | Found a faded altar of an unknown god.
  1184 | D:2      | Reached XP level 4. HP: 30/30 MP: 3/3
  1281 | D:2      | Noticed a black bear
  1288 | D:2      | Killed a black bear
  1289 | D:2      | Reached XP level 5. HP: 36/48 MP: 4/4
 11023 | D:2      | Glimpsed the power of Zot.
 11241 | D:3      | Found a runed translucent gate.
 11241 | D:3      | Noticed justen's ghost (amateur VSSh)
 11259 | D:3      | Found a runed translucent gate.
 11259 | D:3      | Found a runed translucent gate.
 11260 | D:3      | Identified the +0 chain mail "Nekaq" {*Corrode rPois rN+++
                  | Str-2}
 11266 | D:3      | Identified the +0 plate armour of Intuition {+Inv rElec}
 11565 | D:3      | Found Umustreo's General Store.
 11689 | D:3      | Noticed Jessica
 11700 | D:3      | Killed Jessica
 11701 | D:3      | Reached skill level 1 in Armour
 12215 | D:3      | Killed justen's ghost
 12216 | D:3      | Reached XP level 6. HP: 36/55 MP: 5/5
 12384 | D:4      | Found the +8 trident of the Octopus King {venom, rElec
                  | rPois}
 12384 | D:4      | Found a transporter.
 12630 | D:4      | Found an ancient bone altar of Kikubaaqudgha.
 12631 | D:4      | Noticed an orc warrior
 12631 | D:4      | Noticed a hornet
 12632 | D:4      | Found a hide-covered altar of Uskayaw.
 12632 | D:4      | Found a transporter.
 12973 | D:4      | Found a staircase to the Ecumenical Temple.
 12983 | Temple   | Entered the Ecumenical Temple
 13063 | Temple   | Became a worshipper of Hepliaklqana the Forgotten
 13386 | D:4      | Mangled by an orc warrior

Illustrated notes

Levels and vault maps discovered:
D:1:      nzn_arrival_depleted_hourglass, layout_basic, supply_closet_lemuel,
          minmay_misc_feat_iff
D:2:      layout_rooms, hellmonk_ecumenical_altar_pennies_from_heaven
D:3:      layout_basic, serial_shops, shop, biasface_ghost_orc_armoury,
          uniq_jessica
D:4:      layout_basic, gammafunk_temple_overflow_arena,
          lemuel_temple_firewalk_b
Temple:   hellmonk_temple_of_storms

Skill      XL: |  1  2  3  4  5  6 |
---------------+-------------------+-----
Fighting       | 1 |  1.3
Dodging        | 2 3 |  3.1
Unarmed Combat | 4 |  4.7
Shapeshifting  | 4 |  4.1
Armour         | 1 2 |  2.1
Stealth        | |  0.3
Shields        | |  0.1

Action                     |  1- 3 |  4- 6 || total
---------------------------+-------+-------++-------
  Melee: Unarmed           |    71 |    92 ||   163
         Punch             |     3 |       ||     3
    Use: Potion            |       |     7 ||     7
         Scroll            |       |     5 ||     5
 Armour: Animal skin       |    63 |     4 ||    67
         Quicksilver drago |       |   116 ||   116
  Dodge: Dodged            |    40 |    69 ||   109
  Block: Other             |       |    11 ||    11

Table legend: (Time is in decaauts)
 A = Elapsed time spent in this place.
 B = Non-inter-level travel time spent in this place.
 C = Inter-level travel time spent in this place.
 D = Time resting spent in this place.
 E = Time spent auto-exploring this place.
 F = Levels seen in this place.
 G = Mean time per level.
                   A        B        C        D        E       F      G
               +--------+--------+--------+--------+--------+-----+--------+
         Total |  13358 |  13181 |    177 |   9458 |   2083 |   5 | 2671.6 |
       Dungeon |  13231 |  13054 |    177 |   9458 |   2083 |   4 | 3307.8 |
        Temple |    126 |    126 |      0 |      0 |      0 |   1 |  126.0 |
               +--------+--------+--------+--------+--------+-----+--------+

Top non-repeatable levels by time:
     D:2: 10080 daAuts
     D:3: 1348 daAuts
     D:1: 927 daAuts
     D:4: 874 daAuts
  Temple: 126 daAuts
